 Dungeon Crawl Stone Soup version 0.17.0-28-g6e173f8 (webtiles) character file.

64 coffecat the Bolt Thrower (level 3, 0/28 HPs)
             Began as a Centaur Arcane Marksman on Nov 27, 2015.
             Slain by a crimson imp (2 damage)
             ... summoned by Natasha
             ... on level 2 of the Dungeon.
             The game lasted 00:09:16 (1825 turns).

coffecat the Bolt Thrower (Centaur Arcane Marksman) Turns: 1825, Time: 00:09:17

Health: 0/28       AC:  4    Str: 14    XL:     3   Next: 91%
Magic:  4/4        EV:  9    Int: 12    God:
Gold:   28         SH:  0    Dex:  8    Spells: 1 memorised, 3 levels left

rFire  . . .     SeeInvis .     a - +0 hand crossbow
rCold  . . .     Clarity  .     b - +0 robe
rNeg   . . .     SustAt   .     (no shield)
rPois  .         Gourm    .     (no helmet)
rElec  .         Spirit   .     (no cloak)
rCorr  .         Warding  .     (no gloves)
rMut   .         Stasis   .     (no barding)
MR     .....                    (no amulet)
Stlth  +.........               (no ring)
                                (no ring)

@: slowed, not resistant to hostile enchantments, very unstealthy
A: hooves 3, deformed body, speed 2, tough skin 3
a: no special abilities


You were on level 2 of the Dungeon.
You were not hungry.

You visited 1 branch of the dungeon, and saw 2 of its levels.

You collected 28 gold pieces.

Inventory:

Hand Weapons
 a - a +0 hand crossbow (weapon)
 e - a +0 spear
Missiles
 d - 8 bolts (quivered)
Armour
 b - a +0 robe (worn)
 i - a +0 helmet
Jewellery
 g - an uncursed ring of sustain attributes {unknown}
Scrolls
 f - a scroll of identify {unknown}
Potions
 h - a potion of ambrosia {unknown}
Books
 c - a book of Debilitation

   Spells                             Type                      Level
   a - Corona                         Hexes                        1
   b - Slow                           Hexes                        2
   c - Gell's Gravitas                Hexes/Translocation          3
   d - Inner Flame                    Hexes/Fire                   3
   e - Cause Fear                     Hexes                        4
   f - Leda's Liquefaction            Hexes/Earth                  4


   Skills:
 + Level 1.2 Fighting
 * Level 0.5 Polearms
 * Level 3.7 Crossbows
 + Level 1.9 Dodging
 + Level 0.1 Stealth
 * Level 1.1 Spellcasting
 * Level 2.7 Hexes


You had 3 spell levels left.
You knew the following spells:

 Your Spells              Type           Power        Failure   Level  Hunger
a - Corona                Hex            #......      12%         1    ##.....


Dungeon Overview and Level Annotations

Branches:
Dungeon (2/15)

Altars:

Annotations:
D:2 Natasha


Innate Abilities, Weirdness & Mutations

You have hooves in place of feet.
Armour fits poorly on your strangely shaped body.
You cover ground very quickly.
You have extremely tough skin (AC +3).


Message History

You shoot a bolt. The bolt closely misses Natasha.
The crimson imp lashes its tail.
Firing (i - inventory):
d - 10 bolts (quivered)
Press: ? - help, Shift-Dir - straight line, f/p - Natasha
Aim: Natasha (heavily wounded)
You shoot a bolt.
The bolt hits Natasha but does no damage.
Natasha is heavily wounded.
Natasha casts a spell at you. The magic dart hits you!
Firing (i - inventory):
d - 9 bolts (quivered)
Press: ? - help, Shift-Dir - straight line, f/p - Natasha
Aim: Natasha (heavily wounded)
You shoot a bolt. The bolt barely misses Natasha.
The bolt hits the crimson imp!
The crimson imp is severely wounded.
Natasha claws you!
* * * LOW HITPOINT WARNING * * *
Natasha barely misses you. The crimson imp hits you.
You die...

#.# ..##?# #.# #.#..
.. #.###.#.### . #.#
#.##......#.# #.#
#.##......#.#.# #.#
#.##...(......#
#.###.##.....$##.##
#.##...#...<5.##.#...
#.#(....(..(h@.....#
#.........####.##..#
#.....<...# .#
#.........#.. ##
#.....%.....#
#.#.รท...##.....
#.##...## #.###
#)##.### .# #.##.# .#


You could see Natasha and a crimson imp.

Vanquished Creatures
  Natasha (D:2)
  A gnoll (D:1)
  A worm (D:2)
  5 bats
  2 goblins (D:1)
  4 hobgoblins (D:1)
  2 jackals (D:2)
  3 kobolds (D:1)
  A giant cockroach (D:1)
  3 giant newts
  4 rats
27 creatures vanquished.

Notes
Turn   | Place    | Note
--------------------------------------------------------------
     0 | D:1      | coffecat the Centaur Arcane Marksman began the quest for the Orb.
     0 | D:1      | Reached XP level 1. HP: 16/16 MP: 2/2
   648 | D:1      | Reached XP level 2. HP: 23/23 MP: 3/3
   710 | D:1      | Reached skill level 3 in Crossbows
  1245 | D:1      | Reached XP level 3. HP: 13/28 MP: 4/4
  1469 | D:2      | Noticed Natasha
  1482 | D:2      | Killed Natasha
  1815 | D:2      | Noticed Natasha
  1825 | D:2      | Slain by a crimson imp

Action                   || total
-------------------------++-------
Melee: Hand crossbow     ||    96
       Spear             ||    22
 Fire: Hand crossbow     ||    75
 Cast: Corona            ||     1
  Eat: Chunk             ||     1
       Bread ration      ||     1
